 Dungeon Crawl Stone Soup version 0.31-a0-18-gea43df2a32 (webtiles) character file.

Game seed: 2479810273193179873

951 Dittersdorf the Covered (level 8, 0/51 HPs)
             Began as a Gargoyle Fighter on May 10, 2023.
             Killed by divine providence
             ... invoked by an orc priest
              (12 damage)
             ... on level 7 of the Dungeon.
             The game lasted 00:07:32 (6265 turns).

Dittersdorf the Covered (Gargoyle Fighter)          Turns: 6265, Time: 00:07:33

Health: 0/51       AC: 25    Str: 23    XL:     8   Next: 13%
Magic:  8/8        EV:  8    Int:  8    God:
Gold:   904        SH:  5    Dex:  9    Spells: 7/7 levels left

rFire   . . .        a - +1 flail (protect)
rCold   . . .        c - +0 buckler
rNeg    + . .        h - +0 chain mail
rPois   ∞            v - +0 helmet
rElec   +            (no cloak)
rCorr   .            q - +0 pair of gloves
SInv    .            (no boots)
Will    .....        y - amulet of faith Stlth
                     (no ring)
HPRegen 0.28/turn    (no ring)
MPRegen 0.11/turn

%: faith
@: under a protective aura
A: sickness immunity, AC +5, negative energy resistance 1, electricity
resistance, torment resistance 1, petrification resistance
a: no special abilities


You were on level 7 of the Dungeon.
You visited 2 branches of the dungeon, and saw 8 of its levels.

You collected 904 gold pieces.

Inventory:

Hand Weapons
 a - a +1 flail of protection (weapon)
Missiles
 w - a throwing net (quivered)
Armour
 b - a +0 plate armour
 c - a +0 buckler (worn)
 h - a +0 chain mail (worn)
 q - a +0 pair of gloves (worn)
 v - a +0 helmet (worn)
Jewellery
 y - an amulet of faith (around neck)
Wands
 r - a wand of digging (5)
 x - a wand of light (14)
 A - a wand of roots (12)
Scrolls
 e - a scroll of poison
 j - 2 scrolls of fog
 k - 3 scrolls of noise
 o - a scroll of magic mapping
 p - 2 scrolls of teleportation
 t - a scroll of fear
Potions
 d - 2 potions of might
 f - 4 potions of brilliance
 g - 2 potions of heal wounds
 i - 2 potions of lignification {unknown}
 l - 3 potions of curing
 m - a potion of berserk rage {unknown}
 n - 3 potions of ambrosia
 s - a potion of attraction
 u - a potion of haste
 z - a potion of cancellation
 B - a potion of flight {unknown}


   Skills:
 + Level 5.9 Fighting
 + Level 4.9 Maces & Flails
 + Level 5.9 Armour
 + Level 5.9 Shields


You had 7 spell levels left.
You didn't know any spells.
Your spell library contained the following spells:

 Spells                   Type           Power      Damage    Failure   Level
 Freeze                   Ice            0%         1d3       95%         1
 Lesser Beckoning         Tloc           0%         N/A       99%         2
 Poisonous Vapours        Pois/Air       0%         N/A       99%         2
 Frozen Ramparts          Ice            0%         1d1       100%        3
 Gell's Gravitas          Tloc           0%         N/A       100%        3
 Hailstorm                Conj/Ice       0%         3d3       100%        3
 Mephitic Cloud           Conj/Pois/Air  0%         N/A       100%        3
 Teleport Other           Tloc           0%         N/A       100%        3
 Freezing Cloud           Conj/Ice/Air   0%         6-21      100%        5


Dungeon Overview and Level Annotations

Branches:
Dungeon (7/15)             Temple (1/1) D:4

Altars:
Dithmenos
Fedhas
Gozag
Hepliaklqana
Kikubaaqudgha
Makhleb
Ru
Sif Muna
Trog
Vehumet
Wu Jian
Xom
Yredelemnul
Zin


Innate Abilities, Weirdness & Mutations

You are immune to sickness and miasma.
Your stone body is resilient. (AC +5)
You are immune to poison.
You resist negative energy. (rN+)
You are resistant to electric shocks. (rElec)
You are resistant to unholy torment.
You are immune to petrification.


Message History

You are too injured to fight recklessly!
You are too injured to fight recklessly!
You are too injured to fight recklessly!
You are too injured to fight recklessly!
You are too injured to fight recklessly!
You are too injured to fight recklessly!
You are too injured to fight recklessly!
You are too injured to fight recklessly!
You are too injured to fight recklessly!
You are too injured to fight recklessly!
You are too injured to fight recklessly!
You are too injured to fight recklessly!
You are too injured to fight recklessly!
You are too injured to fight recklessly!
You hit something.
Your weapon exudes an aura of protection.
Something hits you.
You barely miss something.
You hear some strange, mumbled words.
A magic dart appears from out of thin air!
The magic dart hits you but does no damage.
You hear some strange, mumbled words.
A magic dart appears from out of thin air!
The magic dart hits you but does no damage.
You miss something. The orc wizard casts a spell at you.
The puff of flame hits you.
You hear some strange, mumbled words.
A puff of flame appears from out of thin air!
The puff of flame hits you.
* * * LOW HITPOINT WARNING * * *
You sock something!
Your weapon exudes an aura of protection.
Reactivating autopickup.
You feel a bit more experienced.
You thump the orc wizard!
You kill the orc wizard!
The orc priest invokes the aid of Beogh against you.
Beogh smites you!
You die...

# #.......# # #.###...#
########.# ##..#
#........# ..#
#.(.†....# ....
.##.##)..# ###.#
##...##..... ...
#.....##############o#..
.......#........@).oo...
..._.....###########.#..
.......### #.....###
##...##.# .##.##..#
........# .######## .#


You could see an orc priest and 2 orcs.

Vanquished Creatures
  A water moccasin (D:7)
  Duvessa (Temple)
  A black bear (D:5)
  A scorpion (D:6)
  Dowan (Temple)
  A howler monkey (D:4)
  A crimson imp (D:5)
  3 hounds
  2 orc priests
  4 iguanas
  Ijyb (D:5)
  2 orc wizards (D:7)
  5 adders
  2 shadow imps (D:6)
  2 ufetubi
  A dart slug (D:3)
  21 orcs
  5 endoplasms
  4 giant cockroaches (D:4)
  6 goblins
  3 hobgoblins
  4 jackals
  3 quokkas
  11 ball pythons
  4 bats
  4 frilled lizards
  4 kobolds
  4 rats
102 creatures vanquished.

Notes
Turn   | Place    | Note
-------+----------+-------------------------------------------
     0 | D:1      | Dittersdorf the Gargoyle Fighter began the quest for the
                  | Orb.
     0 | D:1      | Reached XP level 1. HP: 14/14 MP: 1/1
   108 | D:1      | Reached XP level 2. HP: 19/19 MP: 2/2
   961 | D:2      | Reached XP level 3. HP: 23/24 MP: 3/3
  2815 | D:4      | Reached XP level 4. HP: 29/29 MP: 4/4
  2874 | D:4      | Identified a scroll of acquirement
  2874 | D:4      | Acquired 601 gold pieces
  2978 | D:4      | Found a staircase to the Ecumenical Temple.
  2980 | D:4      | Noticed Duvessa
  2981 | D:4      | Noticed Dowan
  2989 | Temple   | Entered the Ecumenical Temple
  3215 | Temple   | Killed Duvessa
  3216 | Temple   | Reached XP level 5. HP: 26/34 MP: 5/5
  3224 | Temple   | Killed Dowan
  3225 | Temple   | Reached XP level 6. HP: 29/39 MP: 6/6
  4514 | D:5      | Entered Level 5 of the Dungeon
  4734 | D:5      | Reached skill level 5 in Fighting
  4734 | D:5      | Reached skill level 5 in Armour
  4734 | D:5      | Reached skill level 5 in Shields
  4790 | D:5      | Reached XP level 7. HP: 32/44 MP: 7/7
  5052 | D:5      | Found a radiant altar of Vehumet.
  5053 | D:5      | Found a burning altar of Makhleb.
  5318 | D:5      | Noticed Ijyb
  5329 | D:5      | Killed Ijyb
  5769 | D:6      | Identified the +9 rapier of Matriany {freeze, *Rage rElec
                  | rC+ Will+}
  5860 | D:6      | Found an ornate altar of the Wu Jian Council.
  6080 | D:7      | Found a shimmering altar of Xom.
  6113 | D:7      | Reached XP level 8. HP: 51/51 MP: 8/8
  6265 | D:7      | Killed from afar by an orc priest

Illustrated notes

Levels and vault maps discovered:
D:1:      onia_arrival_mini_maze_b, layout_loops_ring
D:2:      layout_basic
D:3:      layout_loops_corners
D:4:      layout_layer_cave, minmay_temple_entry_junction, uniq_duvessa
D:5:      layout_loops_corners, grunt_temple_overflow_lords_of_destruction,
          chequers_jeans, uniq_ijyb
D:6:      layout_rooms, mainiacjoe_overflow_six_doors_small, corner_web_ring,
          roderic_roman_lattice
D:7:      layout_basic, nicolae_overflow_hidden_temple, lemuel_round_altar,
          mainiacjoe_overflow_alcove_1,
          hellmonk_okawaru_the_only_friend_you_need
Temple:   compressed_dpeg_circular_temple

Skill      XL: |  1  2  3  4  5  6 |
---------------+-------------------+-----
Armour         | 4 5 |  5.9
Fighting       | 4 5 |  5.9
Maces & Flails | 3 4 |  4.9
Shields        | 4 5 |  5.9

Action                     |  1- 3 |  4- 6 |  7- 9 || total
---------------------------+-------+-------+-------++-------
  Melee: Flail             |   145 |   116 |   161 ||   422
    Use: Scroll            |       |    15 |     4 ||    19
         Potion            |       |     1 |       ||     1
 Armour: Scale mail        |     8 |       |       ||     8
         Chain mail        |    97 |    79 |   121 ||   297
  Dodge: Dodged            |    50 |    44 |    50 ||   144
  Block: Buckler           |    21 |    28 |    33 ||    82

Table legend: (Time is in decaauts)
 A = Elapsed time spent in this place.
 B = Non-inter-level travel time spent in this place.
 C = Inter-level travel time spent in this place.
 D = Time resting spent in this place.
 E = Time spent auto-exploring this place.
 F = Levels seen in this place.
 G = Mean time per level.
                   A        B        C        D        E       F      G
               +--------+--------+--------+--------+--------+-----+--------+
         Total |   6374 |   5950 |    424 |    243 |   4686 |   8 |  796.8 |
       Dungeon |   6103 |   5759 |    344 |    159 |   4614 |   7 |  871.9 |
        Temple |    270 |    190 |     80 |     84 |     72 |   1 |  270.0 |
               +--------+--------+--------+--------+--------+-----+--------+

Top non-repeatable levels by time:
     D:4: 1390 daAuts
     D:2: 1240 daAuts
     D:5: 1056 daAuts
     D:3: 873 daAuts
     D:1: 809 daAuts
     D:6: 501 daAuts
  Temple: 270 daAuts
     D:7: 231 daAuts
